 Dungeon Sprint DCSS version 0.27-a0-406-g23f261fbd2 (webtiles) character file.

Game seed: 16768247148224459855

22488 mhtbhm the Unseen (level 13, -14/96 HPs)
             Began as a Kobold Berserker on Feb 23, 2021.
             Was a High Priest of Trog.
             Demolished by Antaeus (55 damage)
             ... in the Dungeon (Sprint VII: "The Pits").
             The game lasted 00:09:35 (3724 turns).

mhtbhm the Unseen (Kobold Berserker)                Turns: 3724, Time: 00:09:37

Health: -14/96     AC: 19    Str: 17    XL:     13   Next: 27%
Magic:  0/13       EV: 27    Int:  9    God:    Trog [*****.]
Gold:   22         SH:  0    Dex: 17    Spells: 12/12 levels left

rFire    + . .     SeeInvis .   a - +7 quick blade
rCold    . . .     Faith    .   (shield restricted)
rNeg     . . .     Spirit   +   b - +5 ring mail {rF+}
rPois    .         Reflect  .   D - +0 helmet
rElec    .         Harm     .   t - +1 cloak {Will+}
rCorr    .         Rampage  .   q - +0 pair of gloves
Will     +....     NoTele   +   A - +0 pair of boots
Stlth    ++++++++..             C - amulet of guardian spirit
HPRegen  0.26/turn              m - +3 ring of dexterity
MPRegen  0.13/turn              n - +3 ring of evasion

@: no status effects
A: small, nightstalker 3, weak 1
a: Renounce Religion, Berserk, Trog's Hand, Brothers in Arms


You were in the Dungeon.
You worshipped Trog.
Trog was extremely pleased with you.
You visited 1 branch You collected 22 gold pieces.

Inventory:

Hand Weapons
 a - a +7 quick blade (weapon)
Missiles
 l - 2 poisoned darts
 r - 4 throwing nets (quivered)
Armour
 b - a +5 ring mail of fire resistance (worn)
 q - a +0 pair of gloves (worn)
 t - a +1 cloak of willpower (worn)
 A - a +0 pair of boots (worn)
 D - a +0 helmet (worn)
Jewellery
 m - a +3 ring of dexterity (left hand)
 n - a +3 ring of evasion (right hand)
 z - a ring of fire
 B - a ring of ice
 C - an amulet of guardian spirit (around neck)
Wands
 s - a wand of polymorph (10)
Scrolls
 h - 2 scrolls of blinking
 j - a scroll of summoning
 k - 4 scrolls of enchant armour
 u - 2 scrolls of identify
 v - 2 scrolls of fog
 w - a scroll of fear
 x - 4 scrolls of enchant weapon
Potions
 c - 10 potions of curing
 d - 8 potions of heal wounds
 e - a potion of haste
 f - 4 potions of magic
 g - 4 potions of berserk rage
 i - a potion of invisibility
 o - a potion of mutation
 p - 3 potions of might


   Skills:
 + Level 17.5 Fighting
 + Level 18.9 Short Blades
 + Level 12.0 Armour
 + Level 14.8 Dodging
 + Level 20.7 Stealth


You had 12 spell levels left.
You didn't know any spells.
Your spell library was empty.

Dungeon Overview and Level Annotations

Branches:
Dungeon (1/1)

Altars:
Gozag
Hepliaklqana
Sif Muna
Trog
Jiyva

Annotations:
D Antaeus


Innate Abilities, Weirdness & Mutations

You are small and have problems with some larger weapons.
You are completely attuned to the shadows.
You are weak. (Str -2)


Message History

Your Armour skill increases to level 12!
Your Stealth skill gained 2 levels and is now at level 20!
You have reached level 13!
Unknown command.
There is a large open door to the Hallway of Sentries (Extremely Hard), spattered with blood here.
You start resting.
You feel a strong urge to attack something.
You start resting.
You are no longer berserk.
You are exhausted.
You feel yourself slow down.
You start resting.
Magic restored.
You start resting.
You feel yourself speed up.
You start resting.
You recover from your berserk rage.
You start resting.
HP restored.
There is a large open door to the Hallway of Sentries (Extremely Hard), spattered with blood here.
You open the door.
A cyan ugly thing comes into view.
There is an open door here.
The helpless cyan ugly thing fails to defend itself.
You spit the cyan ugly thing like a pig!!!!!
You kill the cyan ugly thing!
Trog accepts your kill.
Unknown command.
Unknown command.
You see here an ugly thing corpse.
You open the door.
Antaeus, Guardian of Cocytus comes into view.
There is an open door here.
The helpless Antaeus fails to defend himself.
You perforate Antaeus like a sieve!!!!!
Antaeus is moderately wounded.
Antaeus hits you!! Antaeus freezes you!! Antaeus hits you.
Antaeus freezes you!!!
Ouch! That really hurt!
You die...

#+# #C# #@# #†#
#'# #.# #'#
################'#
.................#
.......).......).#
+##############..#


You could see Antaeus.

Vanquished Creatures
  A royal mummy (D)
  A death cob (D)
  A storm dragon (D)
  Harold (D)
  2 boulder beetles (D)
  A catoblepas (D)
  2 death yaks (D)
  A fire crab (D)
  A flayed ghost (D)
  A swamp dragon (D)
  A bog body (D)
  A deep elf pyromancer (D)
  A lindwurm (D)
  An orc sorcerer (D)
  An ugly thing (D)
  A cyclops (D)
  Maurice (D)
  3 rime drakes (D)
  Psyche (D)
  A komodo dragon (D)
  An ice devil (D)
  A hellwing (D)
  2 guardian mummies (D)
  A wind drake (D)
  Sigmund (D)
  5 yaks (D)
  A large abomination (D)
  A ynoxinul (D)
  A chaos spawn (D)
  A wraith (D)
  Eustachio (D)
  A neqoxec (D)
  A vampire mosquito (D)
  2 soldier ants (D)
  An acid dragon (D)
  An orc warrior (D)
  A water moccasin (D)
  Purgy (D)
  A necrophage (D)
  4 wolves (D)
  A centaur (D)
  A phantom (D)
  A kobold brigand (D)
  2 gnoll sergeants (D)
  3 adders (D)
  11 gnolls (D)
  An ufetubus (D)
  2 adder zombies (D)
  An orc (D)
  2 ball pythons (D)
  A hobgoblin (D)
  3 jackals (D)
  A frilled lizard (D)
83 creatures vanquished.

Vanquished Creatures (collateral kills)
  An orc warlord (D)
  A catoblepas (D)
  A death knight (D)
  A sun demon (D)
  A black mamba (D)
  A gargoyle (D)
  A troll (D)
  A wraith (D)
  A hog (shapeshifter) (D)
  A steam dragon (D)
  2 vampire mosquitoes (D)
  A black bear (D)
  A wolf (D)
  A gnoll shaman (D)
  3 gnolls (D)
  A worm (D)
  An orc (D)
20 creatures vanquished.

Grand Total: 103 creatures vanquished

Notes
Turn   | Place    | Note
-------+----------+-------------------------------------------
     0 | D        | mhtbhm the Kobold Berserker began the quest for the Orb.
     0 | D        | Reached XP level 1. HP: 14/14 MP: 1/1
    16 | D        | Reached skill level 5 in Short Blades
    16 | D        | Reached XP level 2. HP: 12/20 MP: 2/2
    83 | D        | Found a bloodstained altar of Trog.
    83 | D        | Found a shimmering blue altar of Sif Muna.
    83 | D        | Found a viscous altar of Jiyva.
    83 | D        | Found a hazy altar of Hepliaklqana.
    83 | D        | Found an opulent altar of Gozag.
   238 | D        | Reached ** piety under Trog
   384 | D        | Reached XP level 3. HP: 25/25 MP: 3/3
   437 | D        | Noticed a kobold brigand
   444 | D        | Killed a kobold brigand
   444 | D        | Reached *** piety under Trog
   445 | D        | Reached skill level 1 in Stealth
   445 | D        | Reached XP level 4. HP: 32/32 MP: 4/4
   450 | D        | Reached XP level 5. HP: 37/37 MP: 5/5
   566 | D        | Reached **** piety under Trog
   568 | D        | Noticed a water moccasin
   568 | D        | Noticed a phantom
   571 | D        | Noticed a necrophage
   572 | D        | Reached skill level 2 in Stealth
   579 | D        | Reached skill level 5 in Dodging
   579 | D        | Reached XP level 6. HP: 44/44 MP: 6/6
   586 | D        | Killed a water moccasin
   587 | D        | Reached skill level 10 in Short Blades
   587 | D        | Reached skill level 3 in Stealth
   643 | D        | Killed a necrophage
   643 | D        | Reached ***** piety under Trog
   644 | D        | Reached XP level 7. HP: 35/52 MP: 7/7
   651 | D        | Reached skill level 10 in Fighting
   868 | D        | Received a gift from Trog
   870 | D        | Noticed a cyclops
   880 | D        | Killed a cyclops
   881 | D        | Reached skill level 5 in Armour
   881 | D        | Reached skill level 4 in Stealth
   881 | D        | Reached XP level 8. HP: 60/60 MP: 8/8
   949 | D        | Noticed Purgy
   959 | D        | Reached skill level 5 in Stealth
   966 | D        | Killed Purgy
  1013 | D        | Noticed a boulder beetle
  1018 | D        | Noticed a wraith
  1042 | D        | Killed a boulder beetle
  1043 | D        | Reached skill level 6 in Stealth
  1043 | D        | Reached XP level 9. HP: 49/65 MP: 9/9
  1052 | D        | Reached skill level 10 in Dodging
  1271 | D        | Noticed a death yak
  1272 | D        | Noticed a rime drake
  1288 | D        | Killed a death yak
  1288 | D        | Reached ****** piety under Trog
  1289 | D        | Reached skill level 7 in Stealth
  1293 | D        | Killed a rime drake
  1293 | D        | Received a gift from Trog
  1294 | D        | Reached XP level 10. HP: 73/73 MP: 10/10
  1382 | D        | Noticed Harold
  1384 | D        | Noticed a fire crab
  1386 | D        | Killed Harold
  1387 | D        | Reached skill level 15 in Short Blades
  1387 | D        | Reached skill level 8 in Stealth
  1387 | D        | Noticed a deep elf pyromancer
  1401 | D        | Killed a fire crab
  1403 | D        | Killed a deep elf pyromancer
  1477 | D        | Noticed a rime drake
  1487 | D        | Killed a rime drake
  1488 | D        | Reached skill level 9 in Stealth
  1737 | D        | Received a gift from Trog
  1756 | D        | Noticed a death cob
  1756 | D        | Noticed Psyche
  1767 | D        | Killed a death cob
  1768 | D        | Reached skill level 10 in Armour
  1768 | D        | Reached skill level 10 in Stealth
  1768 | D        | Reached XP level 11. HP: 80/80 MP: 11/11
  1769 | D        | Killed Psyche
  1980 | D        | Received a gift from Trog
  1981 | D        | Noticed Maurice
  2004 | D        | Killed Maurice
  2154 | D        | Received a gift from Trog
  2155 | D        | Reached skill level 11 in Stealth
  2205 | D        | Noticed Eustachio
  2205 | D        | Noticed a lindwurm
  2208 | D        | Killed Eustachio
  2209 | D        | Killed a lindwurm
  2210 | D        | Reached skill level 15 in Fighting
  2223 | D        | Noticed a bog body
  2227 | D        | Killed a bog body
  2227 | D        | Received a gift from Trog
  2228 | D        | Reached skill level 12 in Stealth
  2311 | D        | Noticed a flayed ghost
  2314 | D        | Killed a flayed ghost
  2315 | D        | Reached skill level 13 in Stealth
  2332 | D        | Noticed a boulder beetle
  2332 | D        | Noticed a death yak
  2345 | D        | Killed a death yak
  2371 | D        | Killed a boulder beetle
  2371 | D        | Received a gift from Trog
  2372 | D        | Reached skill level 14 in Stealth
  2372 | D        | Reached XP level 12. HP: 88/88 MP: 12/12
  2546 | D        | Noticed a swamp dragon
  2549 | D        | Killed a swamp dragon
  2550 | D        | Reached skill level 15 in Stealth
  2581 | D        | Gained mutation: You are weak. (Str -2) [a neqoxec]
  2592 | D        | Noticed a catoblepas
  2612 | D        | Killed a catoblepas
  2860 | D        | Noticed Sigmund
  2871 | D        | Noticed a catoblepas
  2883 | D        | Received a gift from Trog
  2885 | D        | Reached skill level 16 in Stealth
  2905 | D        | Killed a catoblepas
  2905 | D        | Received a gift from Trog
  2926 | D        | Killed Sigmund
  3126 | D        | Received a gift from Trog
  3127 | D        | Reached skill level 17 in Stealth
  3311 | D        | Noticed a sun demon
  3311 | D        | Noticed a death knight
  3311 | D        | Noticed a storm dragon
  3311 | D        | Noticed an orc warlord
  3327 | D        | Killed a sun demon
  3335 | D        | Killed a death knight
  3346 | D        | Killed an orc warlord
  3347 | D        | Reached skill level 18 in Stealth
  3348 | D        | Killed a storm dragon
  3354 | D        | Received a gift from Trog
  3580 | D        | Noticed a royal mummy
  3605 | D        | Noticed an emperor scorpion
  3610 | D        | Killed a royal mummy
  3611 | D        | Reached skill level 20 in Stealth
  3611 | D        | Reached XP level 13. HP: 96/96 MP: 7/13
  3722 | D        | Noticed Antaeus
  3724 | D        | Demolished by Antaeus

Illustrated notes

Levels and vault maps discovered:
D:        pitsprint [storerooms_1, entrance_room_1, metal_vault_5, armoury_2,
          mini_pit_1, grid_room_1, main_hall_1, silver_pit, the_coven_3,
          the_vestibule_1, steel_vault_3, golden_pit, hallway_of_sentries,
          crystal_vault_1, iron_vault_2, final_vault]

Skill      XL: |  1  2  3  4  5  6  7  8  9 10 11 12 |
---------------+-------------------------------------+-----
Fighting       | 4 6 8 9 11 12 13 14 15 17 | 17.5
Short Blades   | 5 6 8 9 11 12 13 14 16 17 18 | 18.9
Armour         | 2 3 4 5 7 8 10 11 12 | 12.0
Dodging        | 3 4 5 6 8 9 11 12 13 14 | 14.8
Stealth        | 1 2 3 4 6 7 10 14 20 | 20.7

Action                   |  1- 3 |  4- 6 |  7- 9 | 10-12 | 13-15 || total
-------------------------+-------+-------+-------+-------+-------++-------
Melee: Short sword       |     6 |       |       |       |       ||     6
       Dagger            |    22 |    79 |    88 |    34 |       ||   223
       Rapier            |       |       |    26 |       |       ||    26
       Quick blade       |       |       |       |   250 |     2 ||   252
Invok: Berserk           |     4 |     2 |     4 |    12 |       ||    22
       Brothers in Arms  |       |       |     1 |     7 |       ||     8
  Use: Potion            |       |       |       |     5 |       ||     5
 Stab: Sleeping          |       |       |     1 |    18 |     2 ||    21
       Invisible         |       |       |       |     1 |       ||     1
       Petrified         |       |       |       |     1 |       ||     1
Armor: Ring mail         |       |    11 |    11 |    22 |       ||    44
Dodge: Dodged            |    16 |    43 |    56 |   134 |       ||   249

Table legend: (Time is in decaauts)
 A = Elapsed time spent in this place.
 B = Non-inter-level travel time spent in this place.
 C = Inter-level travel time spent in this place.
 D = Time resting spent in this place.
 E = Time spent auto-exploring this place.
 F = Levels seen in this place.
 G = Mean time per level.
                   A        B        C        D        E       F      G
               +--------+--------+--------+--------+--------+-----+--------+
         Total |   3640 |   3640 |      0 |   2249 |     97 |   1 | 3640.0 |
       Dungeon |   3640 |   3640 |      0 |   2249 |     97 |   1 | 3640.0 |
               +--------+--------+--------+--------+--------+-----+--------+

Top non-repeatable levels by time:
       D: 3640 daAuts
